APP
BLUEFIELD BLUE JAYS @ ELIZABETHTON TWINS
09/04/2045
 
TOP OF THE 1ST
Bluefield Blue Jays batting - Pitching for Elizabethton Twins : LHP John Pedlar
Pitching: LHP John Pedlar
Batting: RHB Tokuji Kawabata 0-0: Called Strike
0-1: Ball
1-1: Ball
2-1: Foul Ball, location: 2F
2-2: Fly out, F3 (Popup, 3SF, EV 73.8 MPH)
Batting: RHB Frank Caulfield 0-0: Swinging Strike
0-1: Called Strike
0-2: Fly out, F9 (Flyball, 89M, EV 86.9 MPH)
Batting: LHB Chaim Huting 0-0: Called Strike
0-1: Foul Ball, location: 2F
0-2: Ball
1-2: Foul Ball, location: 2F
1-2: Strikes out looking
Top of the 1st over - 0 runs, 0 hits, 0 errors, 0 left on base; Bluefield 0 - Elizabethton 0
BOTTOM OF THE 1ST
Elizabethton Twins batting - Pitching for Bluefield Blue Jays : RHP Brad Harth
Pitching: RHP Brad Harth
Batting: RHB Andrew Nicol 0-0: Foul Ball, location: 2F
0-1: Ball
1-1: SOLO HOME RUN (Flyball, 78XD, EV 97.5 MPH), Distance : 408 ft
Batting: SHB Dan Morataya 0-0: Swinging Strike
0-1: Called Strike
0-2: Ball
1-2: Foul Ball, location: 2F
1-2: Strikes out swinging
Batting: LHB David Campbell 0-0: Fly out, F8 (Flyball, 8RD, EV 78.8 MPH)
Batting: RHB Rick Kendall 0-0: Ball
1-0: Foul Ball, location: 2F
1-1: Foul Ball, location: 2F
1-2: Ball
2-2: Ball
3-2: Ground out 6-3 (Groundball, 6, EV 103.1 MPH)
Bottom of the 1st over - 1 run, 1 hit, 0 errors, 0 left on base; Bluefield 0 - Elizabethton 1
TOP OF THE 2ND
Bluefield Blue Jays batting - Pitching for Elizabethton Twins : LHP John Pedlar
Batting: RHB Chris Martin 0-0: Ball
1-0: Ball
2-0: Called Strike
2-1: Foul Ball, location: 2F
2-2: Strikes out swinging
Batting: RHB Brock Van Gilder 0-0: Ground out 3-1 (Groundball, 34, EV 109.4 MPH)
Batting: RHB Jose Ontiveros 0-0: Ball
1-0: Ground out 6-3 (Groundball, P, EV 82.5 MPH)
Top of the 2nd over - 0 runs, 0 hits, 0 errors, 0 left on base; Bluefield 0 - Elizabethton 1
BOTTOM OF THE 2ND
Elizabethton Twins batting - Pitching for Bluefield Blue Jays : RHP Brad Harth
Batting: RHB Andrew Rich 0-0: Ball
1-0: Ball
2-0: Foul Ball, location: 2F
2-1: SINGLE (Groundball, 34D, EV 96.9 MPH)
Batting: RHB Alex Belton 0-0: Ball
Andrew Rich is caught stealing 2nd base 2-4
1-0: Ball
2-0: Foul Ball, location: 2F
2-1: Foul Ball, location: 2F
2-2: DOUBLE (Groundball, 5L, EV 106.9 MPH)
Batting: RHB Jon Hice 0-0: Foul Ball, location: 2F
0-1: Called Strike
0-2: Ground out 6-3 (Groundball, 6, EV 102.5 MPH)
Batting: SHB Nate Januchowski 0-0: Ball
1-0: Swinging Strike
1-1: Foul Ball, location: 2F
1-2: Strikes out swinging
Bottom of the 2nd over - 0 runs, 2 hits, 0 errors, 1 left on base; Bluefield 0 - Elizabethton 1
TOP OF THE 3RD
Bluefield Blue Jays batting - Pitching for Elizabethton Twins : LHP John Pedlar
Batting: RHB Taylor Peavey 0-0: Foul Ball, location: 2F
0-1: Swinging Strike
0-2: Foul Ball, location: 2F
0-2: SINGLE (Groundball, 56D, EV 98.8 MPH)
Batting: RHB John Hering 0-0: Ball
1-0: Foul Ball, location: 2F
1-1: Called Strike
1-2: Foul Ball, location: 2F
1-2: Ball
2-2: Strikes out swinging
Batting: RHB Mike Johnson 0-0: Foul Ball, location: 2F
0-1: Ball
1-1: Ball
2-1: Ball
3-1: Called Strike
3-2: Fly out, F3 (Line Drive, 3, EV 66.2 MPH)
Lined into DP, U3 (Line Drive, 3, EV 68.1 MPH)
Top of the 3rd over - 0 runs, 1 hit, 0 errors, 0 left on base; Bluefield 0 - Elizabethton 1
BOTTOM OF THE 3RD
Elizabethton Twins batting - Pitching for Bluefield Blue Jays : RHP Brad Harth
Batting: RHB Aaron Dusch 0-0: Ball
1-0: Foul Ball, location: 2F
1-1: Swinging Strike
1-2: Strikes out swinging
Batting: RHB Andrew Nicol 0-0: Ball
1-0: Ball
2-0: Foul Ball, location: 2F
2-1: Foul Ball, location: 2F
2-2: Fly out, F4 (Popup, 3DF, EV 43.8 MPH)
Batting: SHB Dan Morataya 0-0: Ball
1-0: Called Strike
1-1: Foul Ball, location: 2F
1-2: Strikes out swinging
Bottom of the 3rd over - 0 runs, 0 hits, 0 errors, 0 left on base; Bluefield 0 - Elizabethton 1
TOP OF THE 4TH
Bluefield Blue Jays batting - Pitching for Elizabethton Twins : LHP John Pedlar
Batting: RHB Tokuji Kawabata 0-0: Fly out, F9 (Flyball, 89S, EV 93.8 MPH)
Batting: RHB Frank Caulfield 0-0: Foul Ball, location: 2F
0-1: Ground out 5-3 (Groundball, 56, EV 83.1 MPH)
Batting: LHB Chaim Huting 0-0: Ball
1-0: Called Strike
1-1: Swinging Strike
1-2: Strikes out swinging
Top of the 4th over - 0 runs, 0 hits, 0 errors, 0 left on base; Bluefield 0 - Elizabethton 1
BOTTOM OF THE 4TH
Elizabethton Twins batting - Pitching for Bluefield Blue Jays : RHP Brad Harth
Batting: LHB David Campbell 0-0: Foul Ball, location: 2F
0-1: Ball
1-1: Ball
2-1: Foul Ball, location: 2F
2-2: Foul Ball, location: 2F
2-2: Ball
3-2: Strikes out swinging
Batting: RHB Rick Kendall 0-0: Called Strike
0-1: Ball
1-1: Ball
2-1: Ball
3-1: Called Strike
3-2: Foul Ball, location: 2F
3-2: Foul Ball, location: 2F
3-2: Foul Ball, location: 2F
3-2: Strikes out looking
Batting: RHB Andrew Rich 0-0: Ball
1-0: Called Strike
1-1: Ball
2-1: Called Strike
2-2: DOUBLE (Flyball, 89XD, EV 104.4 MPH)
Batting: RHB Alex Belton 0-0: Swinging Strike
0-1: Swinging Strike
0-2: Ball
1-2: Ball
2-2: SINGLE (Flyball, 8LS, EV 95.0 MPH) - OUT at second base trying to stretch hit.
Andrew Rich scores
Bottom of the 4th over - 1 run, 2 hits, 0 errors, 0 left on base; Bluefield 0 - Elizabethton 2
TOP OF THE 5TH
Bluefield Blue Jays batting - Pitching for Elizabethton Twins : LHP John Pedlar
Batting: RHB Chris Martin 0-0: Ball
1-0: Swinging Strike
1-1: Called Strike
1-2: Ball
2-2: Fly out, F9 (Flyball, 89D, EV 106.9 MPH)
Batting: RHB Brock Van Gilder 0-0: Called Strike
0-1: Swinging Strike
0-2: Foul Ball, location: 2F
0-2: Fly out, F7 (Flyball, 7, EV 88.8 MPH)
Batting: RHB Jose Ontiveros 0-0: SOLO HOME RUN (Flyball, 7LD, EV 91.9 MPH), Distance : 336 ft
Batting: RHB Taylor Peavey 0-0: Called Strike
0-1: Fly out, F4 (Popup, 34D, EV 61.2 MPH)
Top of the 5th over - 1 run, 1 hit, 0 errors, 0 left on base; Bluefield 1 - Elizabethton 2
BOTTOM OF THE 5TH
Elizabethton Twins batting - Pitching for Bluefield Blue Jays : RHP Brad Harth
Batting: RHB Jon Hice 0-0: Called Strike
0-1: Foul Ball, location: 2F
0-2: Strikes out swinging
Batting: SHB Nate Januchowski 0-0: Called Strike
0-1: Foul Ball, location: 2F
0-2: Strikes out swinging
Batting: RHB Aaron Dusch 0-0: Ball
1-0: Ground out 6-3 (Groundball, 6D, EV 88.1 MPH)
Bottom of the 5th over - 0 runs, 0 hits, 0 errors, 0 left on base; Bluefield 1 - Elizabethton 2
TOP OF THE 6TH
Bluefield Blue Jays batting - Pitching for Elizabethton Twins : LHP John Pedlar
Batting: RHB John Hering 0-0: Ball
1-0: Ball
2-0: Called Strike
2-1: Foul Ball, location: 2F
2-2: Foul Ball, location: 2F
2-2: Ground out U3 (Groundball, 3S, EV 75.0 MPH)
Batting: RHB Mike Johnson 0-0: Swinging Strike
0-1: Reached on error, E2 (Groundball, 13S, EV 73.1 MPH)
Batting: RHB Tokuji Kawabata 0-0: Called Strike
0-1: Fly out, F7 (Flyball, 78D, EV 99.4 MPH)
Pitching: RHP Jorge Corte
Batting: RHB Frank Caulfield Balk!
Mike Johnson to third
0-0: Ball
1-0: Ball
2-0: Ball
3-0: Base on Balls
Batting: LHB Chaim Huting 0-0: Ball
1-0: Ball
2-0: Called Strike
2-1: Ground out 6-3 (Groundball, 6MS, EV 92.5 MPH)
Top of the 6th over - 0 runs, 0 hits, 1 error, 2 left on base; Bluefield 1 - Elizabethton 2
BOTTOM OF THE 6TH
Elizabethton Twins batting - Pitching for Bluefield Blue Jays : RHP Brad Harth
Batting: RHB Andrew Nicol 0-0: Ground out 6-3 (Groundball, 6, EV 79.4 MPH)
Batting: SHB Dan Morataya 0-0: Called Strike
0-1: Ball
1-1: Called Strike
1-2: Hit by Pitch
Batting: LHB David Campbell 0-0: Called Strike
0-1: Swinging Strike
0-2: Ball
1-2: Ball
2-2: Fielders Choice at 2nd, 6-4 (Groundball, 6, EV 86.9 MPH)
Pitching: RHP Joe Spencer
Batting: RHB Rick Kendall 0-0: Called Strike
0-1: Ball
1-1: Swinging Strike
1-2: Foul Ball, location: 2F
1-2: Ball
2-2: Ball
3-2: Ground out 4-3 (Groundball, 4, EV 82.5 MPH)
Bottom of the 6th over - 0 runs, 0 hits, 0 errors, 1 left on base; Bluefield 1 - Elizabethton 2
TOP OF THE 7TH
Bluefield Blue Jays batting - Pitching for Elizabethton Twins : RHP Jorge Corte
Batting: RHB Chris Martin 0-0: Ball
1-0: Called Strike
1-1: Ball
2-1: Ball
3-1: Base on Balls
Pinch Hitting: LHB Devin Huber 0-0: Called Strike
0-1: Ball
1-1: Ball
2-1: Ball
3-1: Foul Ball, location: 2F
3-2: Grounds into double play, 4-6-3 (Groundball, 4, EV 80.6 MPH)
Pinch Hitting: LHB Frank Nelson 0-0: Called Strike
0-1: Fly out, F8 (Flyball, 8RS, EV 83.8 MPH)
Top of the 7th over - 0 runs, 0 hits, 0 errors, 0 left on base; Bluefield 1 - Elizabethton 2
BOTTOM OF THE 7TH
Elizabethton Twins batting - Pitching for Bluefield Blue Jays : RHP Joe Spencer
Now at 2B: Victor Ayala
Now in CF: Frank Nelson
Batting: RHB Andrew Rich 0-0: Ground out 6-3 (Groundball, 6, EV 108.8 MPH)
Batting: RHB Alex Belton 0-0: Ball
1-0: Swinging Strike
1-1: Ball
2-1: Foul Ball, location: 2F
2-2: Ball
3-2: TRIPLE (Line Drive, 78XD, EV 96.9 MPH)
Batting: RHB Jon Hice 0-0: Ball
1-0: Bunted foul
1-1: Bunted foul
1-2: Ball
2-2: Foul Ball, location: 2F
2-2: Strikes out swinging
Batting: SHB Nate Januchowski 0-0: Ball
1-0: Fly out, F8 (Flyball, 89D, EV 96.9 MPH)
Bottom of the 7th over - 0 runs, 1 hit, 0 errors, 1 left on base; Bluefield 1 - Elizabethton 2
TOP OF THE 8TH
Bluefield Blue Jays batting - Pitching for Elizabethton Twins : RHP Jorge Corte
Pitching: LHP Stefano Traversoni
Batting: RHB Taylor Peavey 0-0: Called Strike
0-1: Called Strike
0-2: SOLO HOME RUN (Flyball, 78XD, EV 115.0 MPH), Distance : 427 ft
Batting: RHB John Hering 0-0: Called Strike
0-1: Ball
1-1: Foul Ball, location: 2F
1-2: Foul Ball, location: 2F
1-2: Foul Ball, location: 2F
1-2: Ball
2-2: DOUBLE (Groundball, 5L, EV 103.8 MPH)
Batting: RHB Mike Johnson 0-0: Ball
1-0: DOUBLE (Line Drive, 9LM, EV 101.2 MPH)
John Hering scores
Batting: RHB Tokuji Kawabata 0-0: Ball
1-0: Foul Ball, location: 2F
1-1: Foul Ball, location: 2F
1-2: Foul Ball, location: 2F
1-2: Ball
2-2: Reached on error, E5 (Groundball, 5S, EV 65.0 MPH)
Mike Johnson to third
Pitching: RHP Noah Davies
Batting: RHB Frank Caulfield 0-0: Called Strike
0-1: Ball
1-1: Called Strike
1-2: SINGLE (Line Drive, 9S, EV 95.6 MPH)
Mike Johnson scores
Tokuji Kawabata to second
Runner from 2nd tries for 3rd, SAFE, throw by RF made to third
Batting: LHB Chaim Huting 0-0: Called Strike
Frank Caulfield steals 2nd base (no throw)
0-1: Ball
1-1: Intentional Walk
Batting: RHB Chris Martin 0-0: Hit by Pitch
Tokuji Kawabata scores
Frank Caulfield to third
Chaim Huting to second
Batting: RHB Victor Ayala 0-0: DOUBLE (Flyball, 7D, EV 95.0 MPH)
Frank Caulfield scores
Chaim Huting scores
Chris Martin to third
Runner from 3rd tries for Home, SAFE, throw by LF to trailing runner, OUT at third! 7-3-5
Batting: LHB Frank Nelson 0-0: SOLO HOME RUN (Flyball, 78XD, EV 98.8 MPH), Distance : 404 ft
Batting: RHB Taylor Peavey 0-0: Foul Ball, location: 2F
0-1: Ball
1-1: Ball
2-1: Foul Ball, location: 2F
2-2: SINGLE (Line Drive, 7S, EV 106.2 MPH)
Pitching: RHP Jose Cotto
Batting: RHB John Hering 0-0: Ball
1-0: Ball
2-0: Ball
3-0: Base on Balls
Taylor Peavey to second
Batting: RHB Mike Johnson 0-0: Foul Ball, location: 2F
0-1: SINGLE (Groundball, 4MD, EV 95.6 MPH)
Taylor Peavey to third
John Hering to second
Runner from 3rd tries for Home, SAFE, throw by CF to home
Batting: RHB Tokuji Kawabata 0-0: Ball
1-0: Ball
2-0: Ball
3-0: Base on Balls
John Hering to third
Mike Johnson to second
Batting: RHB Frank Caulfield 0-0: Ball
1-0: Ball
2-0: Swinging Strike
2-1: Ball
3-1: Base on Balls
John Hering scores
Mike Johnson to third
Tokuji Kawabata to second
Batting: LHB Chaim Huting 0-0: Ball
1-0: Swinging Strike
1-1: Ball
2-1: Ball
3-1: Base on Balls
Mike Johnson scores
Tokuji Kawabata to third
Frank Caulfield to second
Pitching: RHP John Giffin
Batting: RHB Chris Martin 0-0: Called Strike
0-1: Foul Ball, location: 2F
0-2: Foul Ball, location: 2F
0-2: Ball
1-2: Ball
2-2: Ball
3-2: Base on Balls
Tokuji Kawabata scores
Frank Caulfield to third
Chaim Huting to second
Batting: RHB Victor Ayala 0-0: Ball
1-0: Called Strike
1-1: Ball
2-1: Called Strike
2-2: Ball
3-2: Base on Balls
Frank Caulfield scores
Chaim Huting to third
Chris Martin to second
Batting: LHB Frank Nelson 0-0: Ball
1-0: Ball
2-0: Ball
3-0: Foul Ball, location: 2F
3-1: Called Strike
3-2: Base on Balls
Chaim Huting scores
Chris Martin to third
Victor Ayala to second
Batting: RHB Taylor Peavey 0-0: Ball
1-0: Ball
2-0: Called Strike
2-1: Swinging Strike
2-2: Ball
3-2: Base on Balls
Chris Martin scores
Victor Ayala to third
Frank Nelson to second
Batting: RHB John Hering 0-0: Ball
1-0: Called Strike
1-1: Ball
2-1: Foul Ball, location: 2F
2-2: Ball
3-2: SINGLE (Groundball, 6MS, EV 71.2 MPH) (infield hit)
Victor Ayala scores
Frank Nelson to third
Taylor Peavey to second
Batting: RHB Mike Johnson 0-0: Called Strike
0-1: Ball
1-1: Ball
2-1: Fielders Choice at 2nd, 5-4 (Groundball, 56S, EV 80.6 MPH)
Frank Nelson scores
Taylor Peavey to third
Batting: RHB Tokuji Kawabata 0-0: Foul Ball, location: 2F
0-1: Ball
1-1: Foul Ball, location: 2F
1-2: SINGLE (Flyball, 34D, EV 95.6 MPH)
Taylor Peavey scores
Mike Johnson to second
Batting: RHB Frank Caulfield 0-0: Ball
1-0: Called Strike
1-1: Ball
2-1: Foul Ball, location: 2F
2-2: Foul Ball, location: 2F
2-2: Fly out, F9 (Flyball, 9, EV 91.9 MPH)
Top of the 8th over - 18 runs, 10 hits, 1 error, 2 left on base; Bluefield 19 - Elizabethton 2
BOTTOM OF THE 8TH
Elizabethton Twins batting - Pitching for Bluefield Blue Jays : RHP Joe Spencer
Batting: RHB Aaron Dusch 0-0: Ball
1-0: Called Strike
1-1: Ball
2-1: Called Strike
2-2: Foul Ball, location: 2F
2-2: Ball
3-2: Base on Balls
Batting: RHB Andrew Nicol 0-0: Fielders Choice at 2nd, 6-4 (Groundball, 56, EV 89.4 MPH)
Batting: SHB Dan Morataya 0-0: Ball
1-0: Foul Ball, location: 2F
1-1: Ball
2-1: Swinging Strike
2-2: Strikes out swinging
Batting: LHB David Campbell 0-0: Foul Ball, location: 2F
0-1: Called Strike
0-2: Ball
1-2: Ball
2-2: Ball
3-2: Foul Ball, location: 2F
3-2: Foul Ball, location: 2F
3-2: Base on Balls
Andrew Nicol to second
Batting: RHB Rick Kendall 0-0: Ball
1-0: Foul Ball, location: 2F
1-1: Foul Ball, location: 2F
1-2: Ball
2-2: Foul Ball, location: 2F
2-2: Hit by Pitch
Andrew Nicol to third
David Campbell to second
Pitching: RHP Aaron Meiggs
Batting: RHB Andrew Rich 0-0: Ball
1-0: Foul Ball, location: 2F
1-1: Foul Ball, location: 2F
1-2: Fly out, F8 (Flyball, 8RD, EV 77.5 MPH)
Bottom of the 8th over - 0 runs, 0 hits, 0 errors, 3 left on base; Bluefield 19 - Elizabethton 2
TOP OF THE 9TH
Bluefield Blue Jays batting - Pitching for Elizabethton Twins : RHP John Giffin
Pitching: RHP Keith Nix
Batting: LHB Chaim Huting 0-0: Swinging Strike
0-1: Foul Ball, location: 2F
0-2: SOLO HOME RUN (Flyball, 78XD, EV 106.9 MPH), Distance : 398 ft
Batting: RHB Chris Martin 0-0: Ball
1-0: Ball
2-0: Ball
3-0: Called Strike
3-1: Base on Balls
Batting: RHB Victor Ayala 0-0: Called Strike
Balk!
Chris Martin to second
0-1: Swinging Strike
0-2: Ball
1-2: Foul Ball, location: 2F
1-2: Ground out 5-3 (Groundball, 56S, EV 81.9 MPH)
Batting: LHB Frank Nelson 0-0: Ball
1-0: Foul Ball, location: 2F
Balk!
Chris Martin to third
1-1: Ball
2-1: Fly out, F6 (Flyball, 56D, EV 84.4 MPH)
Batting: RHB Taylor Peavey 0-0: Ball
1-0: Called Strike
1-1: Ball
2-1: 2-RUN HOME RUN (Flyball, 78XD, EV 100.6 MPH), Distance : 388 ft
Pinch Hitting: RHB David Gamez 0-0: Ball
1-0: Ball
2-0: SINGLE (Groundball, 56D, EV 96.2 MPH)
Batting: RHB Mike Johnson 0-0: Ball
1-0: Ball
Wild Pitch!
David Gamez to second
2-0: Ball
3-0: Called Strike
3-1: Ground out 4-3 (Groundball, 4MD, EV 89.4 MPH)
Top of the 9th over - 3 runs, 3 hits, 0 errors, 1 left on base; Bluefield 22 - Elizabethton 2
BOTTOM OF THE 9TH
Elizabethton Twins batting - Pitching for Bluefield Blue Jays : RHP Aaron Meiggs
Now at C: David Gamez
Batting: RHB Alex Belton 0-0: Ball
1-0: Ball
2-0: Ball
3-0: Called Strike
3-1: Base on Balls
Batting: RHB Jon Hice 0-0: Called Strike
0-1: Grounds into double play, 4-6-3 (Groundball, 4, EV 88.1 MPH)
Batting: SHB Nate Januchowski 0-0: Ball
1-0: Ball
2-0: Ground out 4-3 (Groundball, 4, EV 88.8 MPH)
Bottom of the 9th over - 0 runs, 0 hits, 0 errors, 0 left on base; Bluefield 22 - Elizabethton 2
Wednesday, June 22nd , 2022 - OOTP Baseball 23.4 Build 64